 Dungeon Crawl Stone Soup version 0.20-a0-1101-g1de9d76 (webtiles) character file.

721 Alarkh the Cleaver (level 7, 52/52 HPs)
             Began as a Demonspawn Berserker on May 3, 2017.
             Was an Elder of Trog.
             Got out of the dungeon alive.
             The game lasted 00:05:00 (4569 turns).

Alarkh the Cleaver (Demonspawn Berserker)           Turns: 4569, Time: 00:05:01

Health: 52/52      AC:  8    Str: 17    XL:     7   Next: 43%
Magic:  7/7        EV: 11    Int: 10    God:    Trog [****..]
Gold:   173        SH:  0    Dex: 19    Spells: 6/6 levels left

rFire    . . .     SeeInvis .   a - +0 hand axe
rCold    . . .     Gourm    .   (no shield)
rNeg     . . .     Faith    .   d - +0 ring mail of Borruwn {-Cast rCorr Dex+6} (curse)
rPois    .         Spirit   .   (no helmet)
rElec    .         Reflect  .   (no cloak)
rCorr    +         Harm     .   g - +0 pair of gloves
MR       .....     NoCast   +   (no boots)
Stlth    ++........             (no amulet)
Regen    0.2/turn               (no ring)
MPRegen  0.1/turn               (no ring)

@: no status effects
A: talons 2, yellow scales 1, demonic guardian 1, nightstalker 1
a: Berserk, Trog's Hand, Brothers in Arms, Burn Spellbooks, Renounce Religion


You escaped.
You worshipped Trog.
Trog was greatly pleased with you.
You were not hungry.

You visited 1 branch of the dungeon, and saw 5 of its levels.

You collected 173 gold pieces.

Inventory:

Hand Weapons
 a - a +0 hand axe (weapon)
Armour
 b - a +0 animal skin
 d - the cursed +0 ring mail of Borruwn (worn) {-Cast rCorr Dex+6}
   (You found it on level 5 of the Dungeon)

   It affects your dexterity (+6).
   It prevents spellcasting.
   It protects you from acid and corrosion.
   It has a curse placed upon it.
 g - a +0 pair of gloves (worn)
 i - a +0 troll leather armour
Scrolls
 e - a scroll of identify
 k - a scroll of recharging
 l - a scroll of amnesia {unknown}
 m - a scroll of remove curse {unknown}
 q - a scroll of enchant weapon {unknown}
 t - a scroll of immolation {unknown}
Potions
 j - 5 potions of curing {unknown}
 n - a potion of flight
 p - 2 potions of brilliance {unknown}
 r - a potion of heal wounds
 s - 2 potions of invisibility {unknown}
 u - a potion of lignification
Books
 h - a book of Misfortune

   Spells                             Type                      Level
   a - Confusing Touch                Hexes                        1
   b - Confuse                        Hexes                        3
   c - Gell's Gravitas                Translocation                3
   d - Petrify                        Transmutation/Earth          4
   e - Metabolic Englaciation         Hexes/Ice                    5
   f - Yara's Violent Unravelling     Hexes/Transmutation          5
   Trog disapproves of the use of such an item.
Comestibles
 c - 6 bread rations
 f - 2 meat rations
 o - a fruit
 v - 3 chunks of flesh


   Skills:
 - Level 3.0 Fighting
 + Level 8.0 Axes
 - Level 1.7 Armour
 - Level 1.7 Dodging


You had 6 spell levels left.
You didn't know any spells.

Dungeon Overview and Level Annotations

Branches:
Dungeon (5/15)
 Temple: D:4-7

Altars:
Dithmenos
Ru
Zin


Innate Abilities, Weirdness & Mutations

You have razor-sharp toenails.
You are partially covered in yellow scales. (AC +2)
A weak demonic guardian rushes to your aid.
You are slightly more attuned to the shadows.


Message History

Unknown command.
Unknown command.
HP restored.
Things that are here:
a club; a hobgoblin corpse
v - 4 chunks of flesh You see here a club. x2
Eating one of 4 chunks of flesh.
You eat one of the 4 chunks of flesh.
This raw flesh tastes terrible.
Done exploring.
Done exploring.
(D) Dungeon
Where to? (Enter - D:1 @ (x,y), ? - help)
You see here a club.
Things that are here:
8 exploding tomahawks; a club
There is an open door here.
There is a staircase leading out of the dungeon here.
Are you sure you want to leave the Dungeon?
This will make you lose the game!
You have escaped!

#...........####.##.....# ####
#..####.##.## #.####.###
#..####.##.# #.# #.# #
#.......##.# #.# #.### #
.....#####'#####'####...# ###
##..........#.......#.#.# #..
##..####..(.#.8.8.8.#.#.# #..
.......#....#.......#.#.# #..
..####.#.#..'.8.@.8.+...#######.#
..#....#.#..#.......#.......)....
..#รท#....#..#.8.8.8.#.#########.#
..#.#.####..#.......#.# #.#
#...#.......####+####.## #.#
###.####....# #.......# #.#
###......#+## ######.## #.#
#..###.##.# #.# #.# #.####.##.#
#.# #..


There were no monsters in sight!

Vanquished Creatures
  The ghost of Protee the Chiller, an amateur MfIE (D:3)
  A centaur (D:1)
  A howler monkey (D:4)
  A crimson imp (D:3)
  2 orc wizards (D:4)
  An iguana (D:4)
  7 adders
  An ooze (D:3)
  An adder skeleton (D:5)
  3 worms
  3 dart slugs
  4 leopard geckos
  9 orcs
  5 ball pythons
  9 bats
  5 giant cockroaches
  7 goblins
  13 hobgoblins
  5 jackals (D:3)
  4 quokkas
  5 frilled lizards
  9 kobolds
  A quokka skeleton (D:5)
  8 rats
106 creatures vanquished.

Vanquished Creatures (collateral kills)
  Sigmund (D:3)
  A centaur (D:5)
  A worm (D:4)
  A leopard gecko (D:4)
4 creatures vanquished.

Grand Total: 110 creatures vanquished

Notes
Turn   | Place    | Note
-------+----------+-------------------------------------------
     0 | D:1      | Alarkh the Demonspawn Berserker began the quest for the Orb.
     0 | D:1      | Reached XP level 1. HP: 18/18 MP: 1/1
    36 | D:1      | Reached skill level 3 in Axes
   215 | D:1      | Gained mutation: You are slightly more attuned to the shadows. [demonic ancestry]
   215 | D:1      | Reached XP level 2. HP: 22/24 MP: 2/2
   866 | D:1      | Gained mutation: You are partially covered in yellow scales. (AC +2) [demonic ancestry]
   866 | D:1      | Reached XP level 3. HP: 14/29 MP: 3/3
  1211 | D:1      | Noticed a centaur
  1224 | D:1      | Killed a centaur
  1224 | D:1      | Reached skill level 4 in Axes
  1224 | D:1      | Gained mutation: You have sharp toenails. [demonic ancestry]
  1224 | D:1      | Reached XP level 4. HP: 35/35 MP: 4/4
  1296 | D:1      | Reached ** piety under Trog
  1296 | D:1      | Reached skill level 5 in Axes
  1748 | D:2      | Reached XP level 5. HP: 38/41 MP: 5/5
  2295 | D:2      | Found a faded altar of an unknown god.
  2901 | D:3      | Reached skill level 6 in Axes
  2974 | D:3      | Noticed Protee's ghost (amateur MfIE)
  2992 | D:3      | Killed Protee's ghost
  2992 | D:3      | Reached *** piety under Trog
  2992 | D:3      | Gained mutation: A weak demonic guardian rushes to your aid. [demonic ancestry]
  2992 | D:3      | Reached XP level 6. HP: 39/47 MP: 6/6
  3138 | D:3      | Noticed Sigmund
  3146 | D:3      | Killed Sigmund
  3146 | D:3      | Reached skill level 7 in Axes
  3319 | D:3      | Found a shadowy altar of Dithmenos.
  3435 | D:3      | Gained mutation: You have razor-sharp toenails. [demonic ancestry]
  3435 | D:3      | Reached XP level 7. HP: 51/52 MP: 7/7
  3487 | D:3      | Found a glowing silver altar of Zin.
  3527 | D:3      | Upgraded the game from 0.20-a0-1089-g3fde505 to 0.20-a0-1101-g1de9d76
  3738 | D:4      | Reached **** piety under Trog
  4145 | D:4      | Found a sacrificial altar of Ru.
  4303 | D:5      | Entered Level 5 of the Dungeon
  4345 | D:5      | Reached skill level 8 in Axes
  4425 | D:5      | Got an ancient ring mail
  4436 | D:5      | Identified the cursed +0 ring mail of Borruwn {-Cast rCorr Dex+6} (You found it on level 5 of the Dungeon)
  4569 | D:$      | Got out of the dungeon alive.

Vault maps used:
D:1:      doesnt_arrival_eight_statues, minmay_heptomino_l4
D:2:      chequers_ecumenical_altar_simple, kennysheep_cross_bottleneck,
          minmay_randomly_rotated_circles
D:3:      zin_statuary, grunt_dithmenos_smoke, uniq_sigmund
D:4:      first_bread, hangedman_ru_absence
D:5:      lemuel_crystal_altar, lemuel_temple_firewalk_a, serial_shops,
          nicolae_shop_behind_doors

Skill      XL: |  1  2  3  4  5  6  7 |
---------------+----------------------+-----
Axes           | 3 4 5 6 7 8 |  8.0
Fighting       | |  3.0
Armour         | |  1.7
Dodging        | |  1.7

Action                   |  1- 3 |  4- 6 |  7- 9 || total
-------------------------+-------+-------+-------++-------
Melee: Hand axe          |    87 |   277 |    61 ||   425
       Kick              |       |    65 |    20 ||    85
Invok: Berserk           |     2 |     4 |       ||     6
  Use: Scroll            |       |     1 |     3 ||     4
 Stab: Sleeping          |     4 |     8 |     2 ||    14
       Distracted        |       |       |     1 ||     1
  Eat: Chunk             |     2 |    12 |     4 ||    18
Armor: Animal skin       |    21 |    34 |       ||    55
       Troll leather arm |       |    54 |    25 ||    79
Dodge: Dodged            |    53 |   172 |    40 ||   265
